 Dungeon Crawl Stone Soup version 0.21-a0-19-g210df22 (webtiles) character file.

170373 4thArraOfDagon the Fencer (level 17, -3/112 HPs)
             Began as a Mummy Warper on May 23, 2017.
             Was the Champion of Ru.
             Hit by a tomahawk thrown by a merfolk (8 damage)
             ... on level 4 of the Shoals on May 24, 2017.
             The game lasted 01:50:59 (22317 turns).

4thArraOfDagon the Fencer (Mummy Warper)           Turns: 22317, Time: 01:51:00

Health: -3/112     AC: 47    Str: 20    XL:     17   Next: 37%
Magic:  20/26      EV: 14    Int: 11    God:    Ru [******]
Gold:   277        SH:  6    Dex: 12    Spells: 10/33 levels left

rFire    x . .     SeeInvis +   u - +8 demon blade (freeze)
rCold    + + .     Gourm    .   h - +2 buckler
rNeg     + + +     Faith    .   M - +16 plate armour of Lobo {rCorr Str+3 Int-3}
rPois    ∞         Spirit   .   c - +2 helmet {SInv}
rElec    +         Reflect  .   n - +1 cloak of Starlight {rElec rC+ EV+4 Stlth--}
rCorr    +         Harm     .   o - +2 pair of gloves of Mental Paralysis {MR+}
MR       +++..                  C - +0 pair of boots
Stlth    ..........             v - amulet of regeneration
Regen    0.7/turn               S - +3 ring of slaying
MPRegen  0.2/turn               H - ring "Inatseep" {rN+ AC+6 Str+2 Int-4}

@: exhausted, no scrolls, studying Ice Magic, drained
A: no food or potions, fire vulnerability, cold resistance 1, frail 1, low mp 1,
negative energy resistance 3, torment resistance, unbreathing, inability to read
while threatened, inexperienced 1, in touch with death 1
a: Draw Out Power, Power Leap, Apocalypse, Renounce Religion


You were on level 4 of the Shoals.
You worshipped Ru.
Ru was exalted by your worship.
You were not hungry.

You visited 5 branches of the dungeon, and saw 30 of its levels.
You also visited: Labyrinth, Ossuary and Ice Cave.

You collected 2813 gold pieces.
You spent 2536 gold pieces at shops.

Inventory:

Hand Weapons
 q - a +0 blowgun
 u - a +8 demon blade of freezing (weapon)
 K - a +0 vampiric double sword
 T - the +6 scimitar of Cheibriados's Wrath {drain, rN++}
   (You took it off a deep elf mage on level 3 of the Elven Halls)

   A truly terrible weapon, it drains the life of those it strikes.
   It greatly protects you from negative energy.
Missiles
 e - 4 tomahawks of dispersal
 g - 3 throwing nets (quivered)
 r - 11 curare-tipped needles
 A - 8 steel javelins
Armour
 c - a +2 helmet of see invisible (worn)
 d - the -3 pair of gloves of the Valley {rElec rPois rN+ Stlth-}
   (You found it in an ice cave)

   It insulates you from electricity.
   It protects you from poison.
   It protects you from negative energy.
   It makes you less stealthy.
 h - a +2 buckler (worn)
 n - the +1 cloak of Starlight (worn) {rElec rC+ EV+4 Stlth--}
   (You bought it in a shop on level 2 of the Orcish Mines)

   It affects your evasion (+4).
   It protects you from cold.
   It insulates you from electricity.
   It makes you much less stealthy.
 o - the +2 pair of gloves of Mental Paralysis (worn) {MR+}
   (You bought it in a shop on level 2 of the Orcish Mines)

   It affects your resistance to hostile enchantments.
 C - a +0 pair of boots (worn)
 M - the +16 plate armour of Lobo (worn) {rCorr Str+3 Int-3}
   (You took it off a deep elf master archer on level 3 of the Elven Halls)

   It affects your strength (+3).
   It affects your intelligence (-3).
   It protects you from acid and corrosion.
Magical Staves
 Z - an uncursed staff of death
Jewellery
 l - an uncursed ring of protection from magic
 p - an uncursed ring of ice
 s - an uncursed ring of protection from fire
 v - an amulet of regeneration (around neck)
 H - the ring "Inatseep" (right hand) {rN+ AC+6 Str+2 Int-4}
   (You took it off a deep elf annihilator on level 3 of the Elven Halls)

   [ring of protection]

   It affects your AC (+6).
   It affects your strength (+2).
   It affects your intelligence (-4).
   It protects you from negative energy.
 J - an uncursed ring of protection from cold
 P - an uncursed ring of positive energy
 Q - a +3 ring of evasion
 S - a +3 ring of slaying (left hand)
Wands
 f - a wand of polymorph (7/24)
 k - a wand of iceblast (8/15)
 x - a wand of flame (15/48)
 y - a wand of confusion (11/48)
 B - a wand of confusion (25/48)
 D - a wand of disintegration (17/24)
 E - a wand of flame (32/48)
 F - a wand of digging (2/24)
 G - a wand of lightning (7/15)
 O - a wand of confusion (11/48)
 R - a wand of random effects (22/48)
 U - a wand of paralysis (8/24)
 Y - a wand of enslavement (10/24)
Scrolls
 m - 5 scrolls of immolation
 t - 8 scrolls of enchant armour
 w - 3 scrolls of fog
 z - a scroll of torment
 L - 6 scrolls of remove curse
 N - 2 scrolls of blinking
 V - 7 scrolls of teleportation
 X - 3 scrolls of fear
Books
 W - a manual of Ice Magic
Miscellaneous
 b - 2 phantom mirrors
 i - a fan of gales (inert)
 j - 2 sacks of spiders
 I - a phial of floods (inert)


   Skills:
 + Level 9.1(7.8) Fighting
 * Level 15.7(14.2) Long Blades
 - Level 0.7(0.0) Throwing
 + Level 12.1(10.7) Armour
 - Level 11.2(9.8) Dodging
 - Level 4.0(2.9) Shields
 + Level 8.9(7.7) Spellcasting
 - Level 5.4(4.2) Hexes
 - Level 4.8(3.6) Charms
 - Level 5.7(4.6) Translocations
 - Level 6.0(4.8) Evocations


You had 10 spell levels left.
You knew the following spells:

 Your Spells              Type           Power        Failure   Level  Hunger
a - Apportation           Tloc           ##....       41%         1    N/A
b - Blink                 Tloc           N/A          56%         2    N/A
c - Passage of Golubria   Tloc           N/A          99%         4    N/A
d - Spectral Weapon       Hex/Chrm       ##......     86%         3    N/A
e - Freezing Cloud        Conj/Ice/Air   #.........   100%        6    N/A
f - Swiftness             Chrm/Air       #.......     91%         2    N/A
g - Silence               Hex/Air        #.........   100%        5    N/A

Dungeon Overview and Level Annotations

Branches:
Dungeon (15/15)            Temple (0/1) D:7            Lair (6/6) D:10
 Shoals (4/4) Lair:2       Spider (0/4) Lair:2        Slime (0/5) Lair:6
    Orc (2/2) D:10            Elf (3/3) Orc:2
 Vaults: D:13-14     Depths: D:15

Altars:
Cheibriados
Gozag
Hepliaklqana
Qazlal
Ru
Trog
Vehumet
Wu Jian
Xom
Zin
Jiyva

Shops:
D:10 !(%*[   D:12 (   Orc:2 ((?[   Elf:3 ?

Annotations:
D:8 herpmino's ghost, novice FoFi
D:13 no0bjke's ghost, journeyman GrFi
Lair:5 Paps's ghost, journeyman GrFi
Elf:1 CARAVAN
Elf:2 1 transporter, exclusion: orange crystal statue
Abyss:1 Erolcha


Innate Abilities, Weirdness & Mutations

You do not eat or drink.
Your flesh is vulnerable to fire.
You are immune to poison.
Your flesh is cold resistant. (rC+)
You are frail. (-10% HP)
Your magical capacity is low. (-10% MP)
You are immune to negative energy. (rN+++)
You are immune to unholy pain and torment.
You can survive without breathing.
You cannot read scrolls while threatened.
You are somewhat inexperienced. (-2 XL)
You are in touch with the powers of death.


Message History

Unknown command.
You're too exhausted to unleash your apocalyptic power.
You're too exhausted to draw out your power.
Evoke which item? (* to show all) (? for menu, Esc to quit)
A fierce wind blows from the fan.
The merfolk and the merfolk aquamancer are blown away by the wind.
The merfolk aquamancer gestures at you while chanting.
The ball of steam hits you!
The merfolk javelineer throws a javelin.
The javelin hits you!
* * * LOW HITPOINT WARNING * * *
You focus your will and blind the merfolk javelineer in retribution!
The merfolk throws a tomahawk.
The tomahawk closely misses you.
Unknown command.
Unknown command.
Unknown command.
A merfolk javelineer comes into view. It is wielding a spear of freezing.
The merfolk javelineer shouts!
The merfolk throws a tomahawk.
The tomahawk hits you!
You die...

≈≈≈≈...≈....$......
≈≈≈≈≈.≈..§$m......
≈≈≈≈≈....§......#
≈≈≈≈.....§§§....#
≈≈≈......§....)#
≈≈≈....§§§.(m≈#
≈≈≈.§§(..§(<†#
≈≈≈...§§§§##.#
≈P≈...)@..# )m#
PPPP.....≈..)m#
P≈##m).≈≈≈...m. ≈
m.m##≈........
≈≈≈.# P≈.........
≈[.. .#≈..........
≈.. P......... ≈.
P...!.###


You could see 2 merfolk javelineers, a merfolk aquamancer and 3 merfolk.

Vanquished Creatures
  An Ice Fiend (IceCv)
  Asterion (Elf:3)
  6 deep elf master archers (Elf:3)
  5 deep elf blademasters (Elf:3)
  Polyphemus (Shoals:3)
  Kirke (Lair:4)
  Frances (Elf:1)
  Gastronok (Lair:1)
  Donald (Shoals:1)
  A frost giant (Shoals:1)
  3 deep elf sorcerers
  3 deep elf elementalists (Elf:3)
  A deep elf demonologist (Elf:3)
  6 deep elf annihilators (Elf:3)
  2 deep elf death magi (Elf:3)
  3 merfolk javelineers
  5 merfolk impalers
  A deep elf high priest (Elf:3)
  2 centaur warriors
  A merfolk avatar (Shoals:2)
  2 catoblepae
  Harold (Lair:3)
  2 hydras
  2 merfolk aquamancers
  An ogre mage (D:15)
  3 death yaks (Shoals:3)
  6 dancing weapons
  3 satyrs
  2 two-headed ogres
  A queen ant (Lab)
  Urug (Lair:3)
  12 deep elf knights
  3 orc high priests (Orc:2)
  Sonja (D:12)
  4 sea snakes
  An unseen horror (D:13)
  9 deep elf archers
  3 harpies (Shoals:1)
  4 orc knights (Orc:2)
  10 cyclopes
  3 wolf spiders
  38 deep elf magi
  5 orc sorcerers
  9 manticores
  15 fauns
  An elephant (Lair:6)
  2 water nymphs
  4 black mambas
  4 merfolk sirens
  A gargoyle (D:15)
  An ice statue (IceCv)
  22 spiny frogs
  A rime drake (shapeshifter) (D:15)
  7 freezing wraiths
  An anaconda simulacrum (IceCv)
  7 komodo dragons
  A rime drake (Lair:6)
  5 ice devils (IceCv)
  A golden dragon simulacrum (IceCv)
  17 merfolk
  2 trolls
  A hornet (Lair:2)
  3 wind drakes
  4 tyrant leeches (Lair:6)
  2 polar bears (D:12)
  21 blink frogs
  8 hippogriffs
  5 dream sheep
  5 snapping turtles
  A hippogriff (shapeshifter) (Elf:3)
  A meliai zombie (D:13)
  2 redbacks (Lair:2)
  10 water elementals
  22 yaks
  6 wyverns
  3 air elementals
  3 dire elephant simulacra (IceCv)
  A basilisk (D:15)
  2 wraiths (D:12)
  3 fire bats (Lair:6)
  3 fire elementals
  2 hogs (Lair:4)
  2 hungry ghosts
  8 vampire mosquitoes
  5 wargs
  A death yak simulacrum (IceCv)
  6 iron troll simulacra (IceCv)
  2 harpy simulacra (IceCv)
  A soldier ant (D:13)
  2 acid dragons (D:15)
  4 hydra simulacra (IceCv)
  A porcupine (Lair:4)
  6 water moccasins
  An ice beast (D:12)
  A black bear (D:11)
  An eye of draining (D:14)
  3 sky beasts
  2 ettin simulacra (IceCv)
  11 ogres
  15 orc warriors
  2 phantoms
  3 wolves (Lair:2)
  11 centaurs
  10 crocodiles
  4 big kobolds
  22 bullfrogs
  5 earth elementals
  7 scorpions
  16 killer bees
  An elephant simulacrum (IceCv)
  5 wights (D:15)
  A howler monkey (D:6)
  2 electric eels
  5 draconian simulacra (IceCv)
  4 crimson imps
  2 centaur zombies
  4 centaur skeletons
  5 hounds
  A bullfrog skeleton (D:12)
  14 orc priests
  A human zombie (Ossuary)
  3 iguanas
  3 jellies (D:10)
  15 orc wizards
  13 worker ants
  A troll simulacrum (IceCv)
  A spriggan simulacrum (IceCv)
  2 big kobold zombies (Ossuary)
  3 centaur simulacra (IceCv)
  4 mummies
  8 gnolls
  A howler monkey skeleton (D:6)
  3 scorpion zombies (Ossuary)
  21 adders
  An ogre simulacrum (IceCv)
  2 naga simulacra (IceCv)
  3 shadow imps
  7 white imps (IceCv)
  4 ufetubi (IceCv)
  5 oozes (D:10)
  An adder zombie (D:5)
  2 adder skeletons (D:6)
  A worm (D:3)
  A dart slug (D:3)
  3 leopard geckos
  58 orcs
  4 giant cockroaches
  2 gnoll zombies (Ossuary)
  8 goblins
  5 hobgoblins
  3 jackals (D:8)
  24 kobolds
  A quokka (D:2)
  4 bats
  8 frilled lizards
  2 goblin zombies (Ossuary)
  7 kobold zombies (Ossuary)
  An orc zombie (Ossuary)
  4 rats
  14 plants
822 creatures vanquished.

Vanquished Creatures (collateral kills)
  An ugly thing (D:11)
  3 orcs (D:11)
4 creatures vanquished.

Vanquished Creatures (others)
  A dancing weapon (Elf:3)
  2 harpies (Shoals:1)
  2 deep elf magi
  A freezing wraith (Shoals:3)
  A troll (Orc:2)
  A wind drake (Shoals:1)
  A dream sheep (shapeshifter) (Elf:3)
  An air elemental (Elf:2)
  A water elemental (Elf:3)
  A yak (Lair:6)
  A hungry ghost (D:9)
  A human (Lair:5)
  An orc warrior (Orc:2)
  2 white imps (IceCv)
  An orc (D:12)
  A bush (Lair:6)
  7 fungi
  41 plants
  3 withered plants (D:15)
70 creatures vanquished.

Grand Total: 896 creatures vanquished

Notes
Turn   | Place    | Note
-------+----------+-------------------------------------------
     0 | D:1      | 4thArraOfDagon the Mummy Warper began the quest for the Orb.
     0 | D:1      | Reached XP level 1. HP: 16/16 MP: 4/4
   186 | D:1      | Reached skill level 2 in Long Blades
   198 | D:1      | Reached XP level 2. HP: 20/22 MP: 5/5
   251 | D:2      | Reached skill level 1 in Armour
   457 | D:2      | Found a sacrificial altar of Ru.
   464 | D:2      | Became a worshipper of Ru the Awakened
   471 | D:2      | Reached XP level 3. HP: 12/27 MP: 7/7
   807 | D:3      | Found a stormy altar of Qazlal.
   910 | D:3      | Reached XP level 4. HP: 27/33 MP: 8/8
   932 | D:3      | Reached skill level 3 in Long Blades
  1121 | D:3      | Gained mutation: You are somewhat inexperienced. (-2 XL) [Ru sacrifice]
  1121 | D:3      | Reached XP level 3. HP: 27/27 MP: 16/16
  1121 | D:3      | Reached XP level 2. HP: 22/22 MP: 14/14
  1121 | D:3      | Reached * piety under Ru
  1121 | D:3      | Reached ** piety under Ru
  1195 | D:4      | Reached XP level 3. HP: 25/27 MP: 7/7
  1323 | D:4      | Reached XP level 4. HP: 32/33 MP: 8/8
  1350 | D:4      | Noticed an orc warrior
  1368 | D:5      | Entered Level 5 of the Dungeon
  1384 | D:6      | Noticed a steam dragon
  1384 | D:6      | Noticed a steam dragon
  1674 | D:5      | Reached XP level 5. HP: 30/38 MP: 9/9
  1678 | D:5      | Reached skill level 4 in Long Blades
  1716 | D:5      | Found an opulent altar of Gozag.
  1820 | D:6      | Identified a scroll of acquirement
  1870 | D:6      | Found a shimmering altar of Xom.
  1957 | D:6      | Found a sand-covered staircase.
  1966 | Ossuary  | Entered an ossuary
  2036 | Ossuary  | Reached XP level 6. HP: 38/44 MP: 10/10
  2205 | Ossuary  | Reached skill level 5 in Long Blades
  2205 | Ossuary  | Reached XP level 7. HP: 28/50 MP: 11/11
  2513 | D:6      | Noticed a cyan ugly thing
  2907 | D:7      | Found a staircase to the Ecumenical Temple.
  3023 | D:8      | Reached skill level 6 in Long Blades
  3096 | D:8      | Found a radiant altar of Vehumet.
  3157 | D:8      | Noticed herpmino's ghost (novice FoFi)
  3346 | D:8      | Reached XP level 8. HP: 48/56 MP: 12/12
  3567 | D:8      | Reached skill level 7 in Long Blades
  4002 | D:7      | Found a snail-covered altar of Cheibriados.
  4002 | D:7      | Found an ornate altar of the Wu Jian Council.
  4007 | D:7      | Found a bloodstained altar of Trog.
  4009 | D:7      | Found a hazy altar of Hepliaklqana.
  4010 | D:7      | Found a glowing silver altar of Zin.
  4350 | D:9      | Reached skill level 5 in Dodging
  4382 | D:9      | Reached XP level 9. HP: 61/61 MP: 13/13
  4623 | D:9      | Reached skill level 1 in Evocations
  4653 | D:9      | Reached skill level 5 in Armour
  4753 | D:10     | Entered Level 10 of the Dungeon
  4802 | D:11     | Reached skill level 8 in Long Blades
  4822 | D:11     | Got a translucent dagger
  4850 | D:11     | Learned a level 1 spell: Apportation
  4853 | D:11     | Learned a level 2 spell: Blink
  4858 | D:11     | Learned a level 4 spell: Passage of Golubria
  4862 | D:11     | Learned a level 3 spell: Spectral Weapon
  4909 | D:11     | Noticed a white ugly thing
  4931 | D:11     | Killed a white ugly thing
  5240 | D:10     | Found Myerch's Food Emporium.
  5321 | D:10     | Reached XP level 10. HP: 62/67 MP: 14/14
  5407 | D:10     | Found Lupeohegh's Distillery.
  5434 | D:10     | Found a staircase to the Orcish Mines.
  5634 | D:10     | Gained mutation: You cannot read scrolls while threatened. [Ru sacrifice]
  5634 | D:10     | Reached *** piety under Ru
  5666 | D:10     | Reached skill level 9 in Long Blades
  5717 | D:10     | Found a staircase to the Lair.
  5942 | D:10     | Found Kuacur Bige's Assorted Antiques.
  5956 | D:10     | Bought a sparkling bone amulet for 135 gold pieces
  5957 | D:10     | Identified the amulet of Dohieqijo {Inacc +Blink Dex+4} (You bought it in a shop on level 10 of the Dungeon)
  5958 | D:10     | Found Afericuj's Antique Armour Emporium.
  5962 | D:10     | Bought a runed scale mail for 210 gold pieces
  6026 | D:10     | Found Kamue's Antique Weapon Boutique.
  6378 | D:12     | Found a bloodstained altar of Trog.
  6441 | D:12     | Noticed a manticore
  6448 | D:12     | Killed a manticore
  6628 | D:12     | Noticed Sonja
  6637 | D:12     | Killed Sonja
  6637 | D:12     | Reached skill level 10 in Long Blades
  6637 | D:12     | Reached XP level 11. HP: 72/72 MP: 15/15
  6914 | D:13     | Noticed a centaur warrior
  6928 | D:13     | Killed a centaur warrior
  6972 | D:13     | Noticed a purple ugly thing
  6989 | D:14     | Noticed a centaur warrior
  7001 | D:14     | Killed a centaur warrior
  7001 | D:14     | Reached skill level 5 in Evocations
  7188 | D:14     | Noticed a deep elf mage
  7201 | D:14     | Killed a deep elf mage
  7604 | D:12     | Found Zeni's Antique Weapon Emporium.
  7629 | D:12     | Noticed Erolcha
  7629 | D:12     | Banished Erolcha
  7710 | D:15     | Entered Level 15 of the Dungeon
  7864 | D:15     | Reached skill level 11 in Long Blades
  8075 | D:15     | Noticed a six-headed hydra
  8309 | D:15     | Noticed a catoblepas
  8328 | D:15     | Killed a catoblepas
  8329 | D:15     | Found an opulent altar of Gozag.
  8329 | D:15     | Noticed an ogre mage
  8329 | D:15     | Noticed a two-headed ogre
  8349 | D:15     | Killed an ogre mage
  8349 | D:15     | Reached XP level 12. HP: 66/78 MP: 14/16
  8369 | D:15     | Killed a two-headed ogre
  8772 | D:13     | Noticed a two-headed ogre
  8782 | D:13     | Killed a two-headed ogre
  8794 | D:13     | Noticed no0bjke's ghost (journeyman GrFi)
  8942 | Orc:1    | Entered Level 1 of the Orcish Mines
  9066 | Orc:2    | Entered Level 2 of the Orcish Mines
  9119 | Orc:2    | Found a labyrinth entrance.
  9153 | Lab      | Entered a labyrinth
  9206 | Lab      | Noticed a minotaur
  9207 | Lab      | Noticed a queen ant
  9207 | Lab      | a minotaur changed into a queen ant
  9218 | Lab      | Killed a queen ant
  9244 | Orc:2    | Found a staircase to the Elven Halls.
  9449 | Orc:1    | Noticed an orc warlord
  9670 | Orc:2    | Reached skill level 12 in Long Blades
 10060 | Orc:2    | Noticed an orc high priest
 10080 | Orc:2    | Killed an orc high priest
 10096 | Orc:2    | Noticed an orc high priest
 10121 | Orc:2    | Killed an orc high priest
 10240 | Orc:2    | Noticed an orc high priest
 10241 | Orc:2    | Found Medumm's Weapon Shoppe.
 10241 | Orc:2    | Found Ganusche's Weapon Shop.
 10402 | Orc:2    | Killed an orc high priest
 10405 | Orc:2    | Found Buz Cou's Armour Shoppe.
 10405 | Orc:2    | Found Xichaub's Magic Scroll Shop.
 10419 | Orc:2    | Bought the +1 cloak of Starlight {rElec rC+ EV+4 Stlth--} for 712 gold pieces
 10636 | Lair:1   | Entered Level 1 of the Lair of Beasts
 10642 | Lair:1   | Noticed Gastronok
 10656 | Lair:1   | You fall through a shaft!
 10734 | Lair:1   | Gained mutation: You are in touch with the powers of death. [Mummy growth]
 10734 | Lair:1   | Reached XP level 13. HP: 75/83 MP: 17/17
 10808 | Lair:2   | Identified the +10 dagger of Peril {pierce, *Noise rElec rN+} (You found it on level 11 of the Dungeon)
 10846 | Lair:2   | Upgraded the game from 0.21-a0-15-g606531c to 0.21-a0-19-g210df22
 10920 | Lair:2   | Found a hole to the Spider Nest.
 10979 | Lair:2   | Gained mutation: You are frail. (-10% HP) [Ru sacrifice]
 10979 | Lair:2   | Reached **** piety under Ru
 10979 | Lair:2   | Reached ***** piety under Ru
 11048 | Lair:2   | Found a staircase to the Shoals.
 11130 | Lair:3   | Noticed Harold
 11153 | Lair:3   | Killed Harold
 11370 | Lair:3   | Noticed Urug
 11394 | Lair:3   | Killed Urug
 11532 | Lair:4   | Reached skill level 13 in Long Blades
 11540 | Lair:4   | Got a warped falchion
 11541 | Lair:4   | Identified the +5 falchion of Revolt {flame, *Rage +Rage +Inv rC+} (You found it on level 4 of the Lair of Beasts)
 11607 | Lair:4   | Noticed Kirke
 11630 | Lair:4   | Killed Kirke
 11857 | Lair:5   | Noticed Paps's ghost (journeyman GrFi)
 11889 | Lair:6   | Entered Level 6 of the Lair of Beasts
 12028 | Lair:6   | Found a staircase to the Slime Pits.
 12028 | Lair:6   | Found a viscous altar of Jiyva.
 12137 | Lair:6   | Gained mutation: Your magical capacity is low. (-10% MP) [Ru sacrifice]
 12137 | Lair:6   | Reached ****** piety under Ru
 12382 | Lair:6   | Noticed Nessos
 12387 | Lair:6   | Noticed Nessos
 12387 | Lair:6   | Nessos changed into Nessos the elephant
 12394 | Lair:6   | Killed Nessos the elephant
 12399 | Lair:6   | Got a dazzling hand axe {venom}
 12400 | Lair:6   | Identified the +7 hand axe of Massacring {venom, rF- Int+6 SInv} (You found it on level 6 of the Lair of Beasts)
 12673 | Lair:6   | Reached skill level 10 in Armour
 12673 | Lair:6   | Reached skill level 10 in Dodging
 12746 | Lair:6   | Reached XP level 14. HP: 65/81 MP: 16/16
 12868 | Lair:6   | Reached skill level 14 in Long Blades
 13505 | Lair:1   | Reached skill level 1 in Shields
 13580 | Lair:1   | Killed Gastronok
 13641 | D:10     | Bought a scroll labeled OLIKEM RUBROE for 27 gold pieces
 13729 | Orc:2    | Bought the +2 pair of gloves of Mental Paralysis {MR+} for 433 gold pieces
 13848 | Elf:1    | Entered Level 1 of the Elven Halls
 14288 | Elf:1    | Reached skill level 1 in Charms
 14304 | Elf:1    | murphy: hi
 14314 | Elf:1    | Reached skill level 1 in Hexes
 14323 | Elf:1    | murphy: will u play in the tourney?
 14492 | Elf:1    | 4thArraOfDagon: hi
 14492 | Elf:1    | 4thArraOfDagon: yes
 14492 | Elf:1    | murphy: who will be your teammates?
 14492 | Elf:1    | 4thArraOfDagon: im looking forwardd for it
 14492 | Elf:1    | murphy: cool :)
 14492 | Elf:1    | 4thArraOfDagon: well, I'm not sure, think I can join you :)
 14653 | Elf:1    | murphy: well i'm looking for a clan myself
 14801 | Elf:1    | murphy: but i think it would be best to have a clan of player on this server
 14861 | Elf:1    | murphy: so i teamed up with quik
 14950 | Elf:1    | murphy: our clan's name is The Felllowship of the Orb
 15135 | Elf:1    | Noticed Frances
 15157 | Elf:1    | murphy: we don't know how serious we can take this tourney though
 15167 | Elf:1    | Killed Frances
 15253 | Elf:2    | murphy: however it would cool to have a goal for the team
 15263 | Elf:2    | Got a fine ring mail
 15282 | Elf:1    | Identified the +2 ring mail "Zuyseb" {rElec rC+} (You found it on level 2 of the Elven Halls)
 15296 | Elf:2    | murphy: so i tought trying to get all the banners for the clan would be cool
 15347 | Elf:2    | murphy: some are very hard some are easier
 15535 | Elf:2    | murphy: so everyone can contribute as they have time and skill
 15675 | Elf:2    | murphy: how does this sound to u?
 15704 | Elf:3    | Entered Level 3 of the Elven Halls
 15722 | Elf:3    | Noticed Asterion
 15774 | Elf:3    | Killed Asterion
 15855 | Elf:3    | Found Loecuapo's Magic Scroll Shop.
 15926 | Elf:2    | Reached XP level 15. HP: 70/88 MP: 20/20
 16115 | Elf:3    | Reached skill level 5 in Spellcasting
 16352 | Elf:3    | Noticed a deep elf blademaster
 16355 | Elf:3    | Reached skill level 5 in Translocations
 16362 | Elf:3    | Killed a deep elf blademaster
 16834 | Elf:3    | Noticed a deep elf blademaster
 16849 | Elf:3    | Killed a deep elf blademaster
 16860 | Elf:3    | Reached skill level 5 in Hexes
 17155 | Elf:3    | UHH
 17369 | Elf:3    | magipi: yo
 17371 | Elf:3    | Noticed a deep elf sorcerer
 17380 | Elf:3    | Killed a deep elf sorcerer
 17411 | Elf:3    | 4thArraOfDagon: well im going to play very casually
 17411 | Elf:3    | 4thArraOfDagon: this weekend im kinda busy so might have late start around monday
 17411 | Elf:3    | magipi: oh my
 17411 | Elf:3    | 4thArraOfDagon: so if you are not looking for big contributors im in L:)
 17607 | Elf:3    | Noticed a deep elf sorcerer
 17608 | Elf:3    | murphy: ok cool
 17616 | Elf:3    | Killed a deep elf sorcerer
 17761 | Elf:3    | murphy: then welcome to The Fellowship of the Orb :)
 17850 | Elf:3    | 4thArraOfDagon: can you paste rc commandd?
 17851 | Elf:3    | Noticed a deep elf blademaster
 17851 | Elf:3    | Noticed a deep elf master archer
 17874 | Elf:3    | murphy: add this line to the top of your rc file # TEAMCAPTAIN murphy
 17874 | Elf:3    | Killed a deep elf blademaster
 17881 | Elf:3    | Killed a deep elf master archer
 17888 | Elf:3    | murphy: in the 0.20 version
 17959 | Elf:3    | Reached skill level 5 in Fighting
 17966 | Elf:3    | murphy: # TEAMCAPTAIN murphy
 17968 | Elf:3    | 4thArraOfDagon: k, thx
 17968 | Elf:3    | murphy: cool :)
 17968 | Elf:3    | 4thArraOfDagon: sec
 17968 | Elf:3    | 4thArraOfDagon: is this with hash?
 17968 | Elf:3    | 4thArraOfDagon: # TEAMCAPTAIN murphy
 17968 | Elf:3    | murphy: yes
 17968 | Elf:3    | 4thArraOfDagon: ok
 17968 | Elf:3    | 4thArraOfDagon: done :)
 18000 | Elf:3    | murphy: :D
 18016 | Elf:3    | murphy: so we are three player so far
 18016 | Elf:3    | murphy: hopefully i can recruit more
 18022 | Elf:3    | murphy: maybe this evening
 18022 | Elf:3    | Got a faintly glowing robe
 18022 | Elf:3    | Got a heavily runed ivory ring
 18024 | Elf:3    | Identified the ring "Inatseep" {rN+ AC+6 Str+2 Int-4} (You took it off a deep elf annihilator on level 3 of the Elven Halls)
 18060 | Elf:3    | minicreteconcrete: After water, concrete is one of the most consumed substance on earth. It is essential in the everyday aspect of life.
 18089 | Elf:3    | murphy: hi minicreteconcrete :)
 18131 | Elf:3    | minicreteconcrete: Without concrete we would have no infrastructure, homes, schools, offices, hospitals and our iconic achievements.
 18159 | Elf:3    | minicreteconcrete: hi murphy!
 18159 | Elf:3    | minicreteconcrete: Mini-Crete Concrete are proud to be a part of the Premixed Concrete industry. With our certified quality management systems we continue to provide quality premixed concrete along with many of our other materials and services available.
 18160 | Elf:3    | Got a dazzling scimitar {drain}
 18161 | Elf:3    | minicreteconcrete: Our mini, small, medium and large trucks can cater for any job.
 18161 | Elf:3    | Identified the +6 scimitar of Cheibriados's Wrath {drain, rN++} (You took it off a deep elf mage on level 3 of the Elven Halls)
 18165 | Elf:3    | minicreteconcrete: We pride ourselves on delivering a premium service and continue building partnerships with customers and demonstrating that what we say we do.
 18169 | Elf:3    | 4thArraOfDagon: oh christ
 18173 | Elf:3    | Noticed a deep elf master archer
 18199 | Elf:3    | Killed a deep elf master archer
 18277 | Elf:3    | Noticed a deep elf master archer
 18283 | Elf:3    | Killed a deep elf master archer
 18354 | Elf:3    | Reached XP level 16. HP: 44/99 MP: 23/23
 18799 | Elf:3    | Learned a level 6 spell: Freezing Cloud
 18813 | Elf:3    | Noticed a deep elf master archer
 18881 | Elf:3    | Killed a deep elf master archer
 18998 | Elf:3    | Got a distressingly furry plate armour
 19010 | Elf:3    | Identified the +16 plate armour of Lobo {rCorr Str+3 Int-3} (You took it off a deep elf master archer on level 3 of the Elven Halls)
 19018 | Elf:3    | Noticed a deep elf blademaster
 19041 | Elf:3    | Killed a deep elf blademaster
 19050 | Elf:3    | Noticed a deep elf master archer
 19072 | Elf:3    | Killed a deep elf master archer
 19101 | Elf:3    | Noticed a deep elf master archer
 19144 | Elf:3    | Killed a deep elf master archer
 19184 | Elf:3    | Noticed a deep elf blademaster
 19210 | Elf:3    | Killed a deep elf blademaster
 19331 | Elf:3    | Identified Sif Muna's Guide on Floating Protection
 19338 | Elf:3    | Learned a level 2 spell: Swiftness
 19344 | Elf:3    | Learned a level 5 spell: Silence
 19461 | Elf:3    | Bought a scroll of magic mapping for 63 gold pieces
 19461 | Elf:3    | Bought a scroll of identify for 36 gold pieces
 19461 | Elf:3    | Bought a scroll of identify for 36 gold pieces
 19706 | Orc:2    | Bought a scroll of acquirement for 884 gold pieces
 19867 | Shoals:1 | Entered Level 1 of the Shoals
 20260 | Shoals:1 | Noticed Donald
 20284 | Shoals:1 | Killed Donald
 20369 | Shoals:2 | Reached skill level 15 in Long Blades
 21075 | Shoals:3 | Found a frozen archway.
 21100 | Shoals:3 | Reached XP level 17. HP: 95/111 MP: 25/25
 21116 | IceCv    | Entered an ice cave
 21605 | IceCv    | Noticed an Ice Fiend
 21644 | IceCv    | Killed an Ice Fiend
 21756 | IceCv    | Got a pair of pitted gloves
 21770 | IceCv    | Identified the -3 pair of gloves of the Valley {rElec rPois rN+ Stlth-} (You found it in an ice cave)
 22153 | Shoals:3 | Noticed Polyphemus
 22177 | Shoals:3 | Killed Polyphemus
 22296 | Shoals:4 | Entered Level 4 of the Shoals
 22316 | Shoals:4 | HP: 4/112 [merfolk javelineer/javelin (9)]
 22317 | Shoals:4 | Hit by a tomahawk thrown by a merfolk

Vault maps used:
D:1:      lightli_arrival_isolated_outpost, minmay_misc_feat_cross
D:2:      minmay_hexomino_r4
D:3:      first_bread, st_stairs_5, grunt_qazlal_sundering
D:5:      basic_altar
D:6:      kennysheep_steamy, basic_altar, gup_ossuary_entry_pyramid,
          minmay_divided_ellipse, uniq_blork_the_orc
D:7:      chequers_temple_overflow_minitemple, minmay_temple_entry_junction_2
D:8:      lemuel_crystal_altar
D:10:     erik_lair_orcish_takeover, david_orc_3, serial_shops, shop,
          kennysheep_mini, nicolae_shop_statue_plus, shop_coins,
          nicolae_shop_waterfront, hangedman_little_slice_of_home
D:11:     serial_glass, glass_columns_a, glass_columns_a
D:12:     serial_shops, nicolae_shop_overgrown_old_shop, minmay_misc_feat_chi,
          trog_ov_bears_minmay, uniq_sonja, uniq_erolcha
D:13:     lightli_vaults_fourway_checkpoint
D:14:     minmay_tearing_corner, solitary_fountain
D:15:     gammafunk_depths_entry_grave,
          nicolae_gozag_cash_rules_everything_around_me
Lair:1:   patterned_corridor, grunt_megastairs_4, serial_bayou_shore_a,
          uniq_gastronok, uniq_joseph
Lair:2:   minmay_lair_venomous_thicket, minmay_shoals_entry_hut,
          spider_nest_entry_a
Lair:3:   grunt_megastairs_5, infiniplex_staircase_pool, uniq_harold, uniq_urug
Lair:4:   minmay_holes, lemuel_fruit_tree, uniq_kirke
Lair:5:   lemuel_fruit_fields
Lair:6:   minmay_lair_end_frog_pond, slime_altar_1, uniq_nessos
Shoals:1: st_cyclops, uniq_donald
Shoals:3: portal_ice_cave_entry_frozen_things, uniq_polyphemus, uniq_mara
Shoals:4: shoals_end_grunt_garden, shoals_ilsuiw_ice,
          nicolae_shoals_circle_sea_wall, nicolae_shoals_hunting_party
Orc:2:    grunt_orc_tribal_feast, lab_entry_generic
Elf:1:    eino_elf_arrival_sip, serial_shops, bzr_firewalk,
          hangedman_elf_represent, grunt_ministairs_11,
          minmay_misc_feat_columns, corexii_hall_statues_x, uniq_frances
Elf:2:    gammafunk_sealed_arena
Elf:3:    minmay_elf_hall, serial_shops, shop, uniq_asterion
Lab:      labyrinth_watery, nicolae_lab_checkerboard
Ossuary:  ossuary_minmay_scorpions
IceCv:    ice_cave_caverns_01

Skill      XL: |  1  2  3  4  5  6  7  8  9 10 11 12 13 14 15 16 17 |
---------------+----------------------------------------------------+-----
Long Blades    | 2 3 4 5 6 7 8 10 11 12 13 14 15 | 15.7
Armour         | 1 2 3 4 5 6 7 8 10 11 12 | 12.1
Dodging        | 2 3 4 5 6 7 9 10 11 | 11.2
Evocations     | 2 4 5 6 |  6.0
Fighting       | 3 5 8 9 |  9.1
Shields        | 4 |  4.0
Charms         | 3 4 |  4.8
Spellcasting   | 4 6 7 8 |  8.9
Hexes          | 3 5 |  5.4
Translocations | 4 5 |  5.7
Throwing       | |  0.7

Action                   |  1- 3 |  4- 6 |  7- 9 | 10-12 | 13-15 | 16-18 || total
-------------------------+-------+-------+-------+-------+-------+-------++-------
Melee: Dagger            |   156 |   101 |       |       |       |       ||   257
       Falchion          |     3 |       |       |       |    32 |       ||    35
       Demon blade       |       |   115 |   259 |   687 |  1033 |   907 ||  3001
 Fire: Blowgun           |       |       |       |    12 |       |       ||    12
Throw: Tomahawk          |       |       |     1 |       |       |       ||     1
       Throwing net      |       |       |       |       |    10 |     1 ||    11
Invok: Sacrifice Experie |     1 |       |       |       |       |       ||     1
       Reject Sacrifices |       |       |     1 |     1 |       |       ||     2
       Sacrifice Words   |       |       |       |     1 |       |       ||     1
       Draw Out Power    |       |       |       |     1 |     5 |     3 ||     9
       Apocalypse        |       |       |       |       |     6 |     3 ||     9
       Sacrifice Essence |       |       |       |       |     1 |       ||     1
       Sacrifice Health  |       |       |       |       |     1 |       ||     1
Evoke: Wand              |       |     1 |    14 |     9 |    12 |     1 ||    37
       Sack of spiders   |       |       |     1 |       |       |     1 ||     2
       Phial of floods   |       |       |       |       |       |     2 ||     2
       Fan of gales      |       |       |       |       |       |     1 ||     1
  Use: Scroll            |       |     8 |    14 |     7 |    15 |     9 ||    53
 Stab: Distracted        |       |       |     2 |     3 |     4 |     7 ||    16
       Invisible         |       |       |       |     5 |     4 |     8 ||    17
       Held in net/web   |       |       |       |       |     5 |       ||     5
       Paralysed         |       |       |       |       |     8 |    12 ||    20
Armor: Leather armour    |    11 |       |       |       |       |       ||    11
       Ring mail         |    29 |    34 |    41 |       |     5 |       ||   109
       Scale mail        |       |       |    23 |   146 |   116 |     4 ||   289
       Plate armour      |       |       |       |       |       |   339 ||   339
Dodge: Dodged            |    67 |    59 |   115 |   209 |   308 |   312 ||  1070
Block: Buckler           |    24 |    47 |    58 |   103 |   119 |   190 ||   541
       Rpst.: Demon blade |       |     8 |    37 |    65 |    92 |    55 ||   257
       Falchion          |       |       |       |       |     2 |       ||     2
